 Dungeon Crawl Stone Soup version 0.14-a0-2986-gd1872aa (webtiles) character file.

1093 Kae the Ruinous (level 8, -4/41 HPs)
             Began as a Tengu Fire Elementalist on Mar 6, 2014.
             Killed from afar by an orc wizard (5 damage)
             ... with a magic dart
             ... on Level 4 of the Dungeon.
             The game lasted 00:06:52 (5557 turns).

Kae the Ruinous (Tengu Fire Elementalist)           Turns: 5557, Time: 00:06:54

HP  -4/41        AC  2     Str  8      XL: 8   Next:  9%
MP  12/20        EV 12     Int 23      God:
Gold 179         SH  0     Dex 15      Spells:  3 memorised,  9 levels left

rFire  . . .     SeeInvis .     a - +1,+0 trident (venom)
rCold  . . .     Clarity  .     w - +0 robe
rNeg   . . .     Conserve .     (no shield)
rPois  .         rCorr    .     (helmet restricted)
rElec  .         rRot     .     (no cloak)
SustAb . .       Spirit   .     (no gloves)
rMut   .         Warding  .     (boots unavailable)
Saprov . . .     Stasis   .     (no amulet)
MR     .....                    (no ring)
                                (no ring)

@: brilliant, very poisoned, drained, not resistant to hostile enchantments,
fairly stealthy
A: able to fly, beak, talons 3
a: Fly


You were on level 4 of the Dungeon.
You were hungry.

You visited 1 branch of the dungeon, and saw 5 of its levels.

You collected 179 gold pieces.

Inventory:

Hand weapons
 a - a +1,+0 trident of venom (weapon)
 b - a +0,+0 hand axe
Missiles
 m - 3 darts (quivered)
Armour
 w - a +0 robe (worn)
Magical devices
 q - a wand of paralysis (13) {unknown}
Comestibles
 c - 2 bread rations
 g - a meat ration
 u - a choko
 D - a pear
Scrolls
 i - a scroll of enchant armour {unknown}
 j - a scroll of blinking {unknown}
 k - 4 scrolls of immolation {unknown}
 n - a scroll of amnesia {unknown}
 o - 2 scrolls of fear {unknown}
 p - 2 scrolls of identify {unknown}
 r - 5 scrolls of remove curse {unknown}
 s - a scroll of recharging {unknown}
 y - a scroll of teleportation {unknown}
Jewellery
 t - an uncursed amulet of inaccuracy {unknown}
 E - an uncursed amulet of clarity {unknown}
Potions
 d - 2 potions of brilliance
 e - 2 potions of curing
 f - a potion of magic {unknown}
 h - a potion of heal wounds {unknown}
 v - a potion of invisibility {unknown}
 z - a potion of beneficial mutation {unknown}
 A - 2 potions of restore abilities {unknown}
 C - 2 potions of berserk rage {unknown}
Books
 l - a book of Flames

   Spells                             Type                      Level
   *Flame Tongue                      Conjuration/Fire             1
   *Throw Flame                       Conjuration/Fire             2
   *Conjure Flame                     Conjuration/Fire             3
   Inner Flame                        Hexes/Fire                   3
   Sticky Flame                       Conjuration/Fire             4
   Fireball                           Conjuration/Fire             5


   Skills:
 - Level 2.1(1.8) Dodging
 - Level 2.0(1.7) Stealth
 + Level 4.1(3.8) Spellcasting
 * Level 7.5(7.2) Conjurations
 * Level 6.8(6.5) Fire Magic


You had 9 spell levels left.
You knew the following spells:

 Your Spells              Type           Power        Failure   Level  Hunger
a - Flame Tongue          Conj/Fire      #####        1%          1    None
b - Throw Flame           Conj/Fire      ######       1%          2    #......
c - Conjure Flame         Conj/Fire      ######..     1%          3    ###....


Dungeon Overview and Level Annotations

Branches:
Dungeon (5/16)
 Temple: D:4-7

Altars:
Trog
Xom

Shops:
D:4 (


Innate Abilities, Weirdness & Mutations

You can fly.
You have a beak for a mouth.
You have claws for feet.


Message History

* * * LOW HITPOINT WARNING * * *
You feel sick.
The orc wizard hits you with a dagger of venom.
* * * LOW HITPOINT WARNING * * *
You are more poisoned.
The orc wizard hits you with a dagger.
* * * LOW HITPOINT WARNING * * *
The orc wizard hits you with a dagger of venom.
* * * LOW HITPOINT WARNING * * *
You are more poisoned.
Unknown command.
Drink which item? (? for menu, Esc to quit)
You feel clever all of a sudden.
It was a potion of brilliance.
* * * LOW HITPOINT WARNING * * *
You feel very sick. The orc wizard barely misses you.
The orc wizard points at you and mumbles some strange words.
The magic dart hits you!
You die...

####.................####
##.#.#.........<.........##
##.........................#
#...#.#...................##
##.###..............##...##
####..............####.##
##.##..........#.....#
#####........#.....##
##..)@o......###
###o...##.### #########


You could see 2 orc wizards.

Vanquished Creatures
  Pikel (D:4)
  A slave (D:4)
  2 giant frogs (D:4)
  A crimson imp (D:4)
  An orc priest (D:4)
  2 scorpions
  A hound (D:4)
  5 adders
  2 gnolls (D:4)
  A giant mite (D:3)
  2 worms
  A giant eyeball (D:4)
  5 giant geckos
  An ooze (D:1)
  13 orcs
  8 bats
  4 giant cockroaches
  9 goblins
  7 hobgoblins
  7 jackals
  A ball python (D:3)
  3 giant newts
  8 kobolds
  An orc zombie (D:5)
  6 rats
93 creatures vanquished.

Vanquished Creatures (others)
  A slave (D:4)
  Blork the orc (D:4)
  An iguana (D:4)
  2 gnolls (D:4)
  An orc (D:4)
  A goblin skeleton (D:4)
7 creatures vanquished.

Grand Total: 100 creatures vanquished

Notes
Turn   | Place    | Note
--------------------------------------------------------------
     0 | D:1      | Kae, the Tengu Fire Elementalist, began the quest for the Orb.
     0 | D:1      | Reached XP level 1. HP: 10/10 MP: 3/3
   443 | D:1      | Reached XP level 2. HP: 6/15 MP: 0/5
  1553 | D:2      | Reached XP level 3. HP: 19/19 MP: 0/7
  1741 | D:2      | Reached skill level 4 in Fire Magic
  2546 | D:2      | Found a bloodstained altar of Trog.
  2782 | D:3      | Reached XP level 4. HP: 11/24 MP: 9/9
  2886 | D:3      | Learned a level 2 spell: Throw Flame
  2890 | D:3      | Learned a level 3 spell: Conjure Flame
  3524 | D:3      | Found a shimmering altar of Xom.
  3533 | D:3      | Found a shimmering altar of Xom.
  3533 | D:3      | Found a shimmering altar of Xom.
  3533 | D:3      | Found a shimmering altar of Xom.
  3535 | D:3      | You fall through a shaft for 2 floors!
  3535 | D:5      | Entered Level 5 of the Dungeon
  3541 | D:5      | Reached XP level 5. HP: 10/28 MP: 5/12
  3798 | D:4      | Noticed a slave
  3799 | D:4      | Noticed a slave
  3970 | D:4      | Reached XP level 6. HP: 18/32 MP: 13/15
  4124 | D:4      | Found Pnauto Psacs' Antique Weapon Emporium.
  4160 | D:4      | Reached skill level 5 in Fire Magic
  4221 | D:4      | Reached skill level 5 in Conjurations
  4399 | D:4      | Noticed Pikel
  4418 | D:4      | Noticed a slave
  4422 | D:4      | Killed Pikel
  4422 | D:4      | Reached skill level 7 in Conjurations
  4422 | D:4      | Reached XP level 7. HP: 16/36 MP: 8/18
  4426 | D:4      | Noticed a freed slave
  4532 | D:4      | Killed a freed slave
  4680 | D:4      | Reached XP level 8. HP: 31/41 MP: 15/20
  4887 | D:4      | Killed Blork the orc
  5061 | D:4      | Paralysed by a giant eyeball for 4 turns
  5067 | D:4      | Paralysed by a giant eyeball for 2 turns
  5375 | D:4      | Killed a freed slave
  5557 | D:4      | HP: 1/41 [poisoned by an orc wizard]
  5557 | D:4      | Killed from afar by an orc wizard

Action                   |  1- 3 |  4- 6 |  7- 9 || total
-------------------------+-------+-------+-------++-------
Melee: Unarmed           |    20 |       |       ||    20
       Hand axe          |    26 |     1 |       ||    27
       Trident           |       |    73 |    19 ||    92
 Cast: Flame Tongue      |    51 |    54 |    15 ||   120
       Throw Flame       |       |     7 |    14 ||    21
       Conjure Flame     |       |     1 |       ||     1
  Use: Potion            |       |     1 |     3 ||     4
 Stab: Sleeping          |     1 |     4 |       ||     5
